[Event "XXIX Cracovia 2018"]
[Site "Krakow"]
[Date "2018.12.31"]
[Round "6"]
[White "Krallis, Christos"]
[Black "Paszewski, Mateusz"]
[Result "0-1"]
[ECO "A20"]
[WhiteElo "2261"]
[BlackElo "2342"]
[Annotator "NA"]
[PlyCount "64"]
[EventDate "2018.12.27"]
[EventType "swiss"]
[EventCountry "POL"]
[SourceTitle "playchess.com"]
[Source "ChessBase"]
[SourceQuality "1"]
[TimeControl "40/5400+30:1800+30"]

1. c4 e5 2. g3 Nc6 3. Bg2 Bc5 4. Nc3 a6 5. e3 d6 6. Nge2 Ba7 7. Rb1 h5 8. h4 Nf6 9. b4 Bf5 10. d3 Qd7 11. a4 Rb8 12. b5 axb5 $14 13. axb5 Ne7 14. Na4 Nc8 15. O-O Bh3 16. Bb2 Bxg2 17. Kxg2 Ng4 18. d4 Qf5 19. Ng1 Ne7 20. Nc3 g5 21. Nf3 f6 22. e4 Qg6 23. hxg5 fxg5 24. Qd2 Rf8 25. dxe5 Bxf2 26. exd6 cxd6 27. Nd5 Nxd5 28. exd5 Ne3+ 29. Kxf2 Nxf1 30. Re1+ Kd7 31. Qe2 Rbe8 32. Qxf1 Rxf3+ 0-1

[Event "XXIX Cracovia 2018"]
[Site "Krakow"]
[Date "2018.12.31"]
[Round "6"]
[White "Chmiel, Marcin"]
[Black "Colijn, Stefan"]
[Result "0-1"]
[ECO "A20"]
[WhiteElo "2247"]
[BlackElo "2331"]
[Annotator "NA"]
[PlyCount "124"]
[EventDate "2018.12.27"]
[EventType "swiss"]
[EventCountry "POL"]
[SourceTitle "playchess.com"]
[Source "ChessBase"]
[SourceQuality "1"]
[TimeControl "40/5400+30:1800+30"]

1. c4 e5 2. g3 Nf6 3. Bg2 Nc6 4. Nc3 Bc5 5. Nf3 d6 6. d3 h6 7. O-O O-O 8. a3 a5 9. e3 Ba7 10. b3 Re8 11. Bb2 Bf5 12. h3 Qd7 13. Kh2 e4 14. dxe4 Nxe4 15. Nd5 Nc5 16. b4 Nd3 17. Bc3 Nde5 $16 (17... Nce5 $11) 18. Nh4 Bd3 19. b5 Bxf1 20. Qxf1 Nd8 21. Bxa5 Bb8 22. Bc3 Ra4 23. Qd1 Rxc4 24. f4 Rxc3 25. Nxc3 Nc4 26. Qd4 Nxe3 27. Be4 d5 28. Nxd5 Nxd5 29. Qxd5 Qe7 30. Re1 Kf8 31. Re2 Qxa3 32. Qf5 Re6 33. Qh7 Qc3 34. Nf5 g6 35. Rc2 Qf6 36. Qxh6+ Kg8 37. Rd2 Re8 38. h4 Ne6 39. h5 Nf8 40. Bb1 Ba7 41. Kh3 Bc5 42. hxg6 Nxg6 43. Kg4 Bf8 44. Qh5 c5 45. Ba2 Re4 46. Bd5 Rb4 47. Re2 c4 48. Re8 c3 49. Nh6+ Kg7 50. Nxf7 Rxf4+ 51. gxf4 Qxf4+ 52. Kh3 Qf1+ 53. Kh2 Qf2+ 54. Kh1 Qf1+ 55. Kh2 Qf2+ 56. Bg2 Qf4+ 57. Kg1 c2 58. Re1 c1=Q 59. Rxc1 Qxc1+ 60. Kf2 Bc5+ 61. Kg3 Qe1+ 62. Kh2 Bg1+ 0-1

[Event "XXIX Cracovia 2018"]
[Site "Krakow"]
[Date "2018.12.31"]
[Round "6"]
[White "Zaleski, Lukasz"]
[Black "Dietmayer-Kraeutler, Marco"]
[Result "0-1"]
[ECO "B01"]
[WhiteElo "2116"]
[BlackElo "2311"]
[Annotator "NA"]
[PlyCount "80"]
[EventDate "2018.12.27"]
[EventType "swiss"]
[EventCountry "POL"]
[SourceTitle "playchess.com"]
[Source "ChessBase"]
[SourceQuality "1"]
[TimeControl "40/5400+30:1800+30"]

1. e4 d5 2. exd5 Qxd5 3. Nc3 Qa5 4. d4 Nf6 5. Nf3 Bf5 6. Bc4 e6 7. Bd2 Bb4 8. a3 Bxc3 9. Bxc3 Qb6 10. Ne5 Nc6 11. Bd3 Nxe5 12. dxe5 Ne4 $11 13. Bxe4 Bxe4 14. Qg4 Bxc2 15. O-O O-O 16. Rac1 Bf5 17. Qh4 Rfd8 18. Rfd1 Bd3 19. Rd2 Rd5 20. Rcd1 Qb3 21. h3 Qc4 22. Qg5 h6 23. Qe3 Rad8 24. f3 c5 25. g4 b5 26. Ba5 Bc2 27. Rxd5 Rxd5 28. Rxd5 Qxd5 29. Qd2 Bd3 30. Kf2 Qd4+ 31. Kg2 b4 32. Qc1 bxa3 33. Bc3 axb2 34. Qxb2 Qa4 35. h4 Qd1 36. Qf2 Be2 37. Ba5 c4 38. Kg3 Qd3 39. Kf4 Bd1 40. Qe3 g5+ 0-1

[Event "XXIX Cracovia 2018"]
[Site "Krakow"]
[Date "2018.12.31"]
[Round "6"]
[White "Romashov, Anton"]
[Black "Bachor, Tomasz"]
[Result "1/2-1/2"]
[ECO "A05"]
[WhiteElo "2076"]
[BlackElo "1854"]
[Annotator "NA"]
[PlyCount "146"]
[EventDate "2018.12.27"]
[EventType "swiss"]
[EventCountry "POL"]
[SourceTitle "playchess.com"]
[Source "ChessBase"]
[SourceQuality "1"]
[TimeControl "40/5400+30:1800+30"]

1. Nf3 Nf6 2. g3 g6 3. Bg2 Bg7 4. O-O O-O 5. d3 d5 6. c4 c6 7. Nbd2 Nbd7 8. Rb1 a5 9. a3 a4 10. b4 b5 11. Bb2 Re8 12. Ne5 Nxe5 13. Bxe5 Bb7 14. cxb5 cxb5 15. Nf3 Nd7 16. Bxg7 Kxg7 17. h4 e5 18. Rc1 Qb6 19. Qd2 Rac8 20. Bh3 f5 21. h5 Qd6 22. Nh4 Qf6 23. e4 dxe4 24. dxe4 Nb6 25. Rxc8 Bxc8 26. exf5 g5 27. Nf3 Bxf5 28. Bxf5 Qxf5 29. Qxg5+ Qxg5 30. Nxg5 Kh6 31. Ne4 Rd8 32. Nc3 Rd3 33. Nxb5 Nc4 34. Re1 Kxh5 35. Re4 Nxa3 36. Nxa3 Rxa3 37. Rxe5+ Kg6 38. Ra5 Ra1+ 39. Kg2 a3 40. b5 Rb1 41. Ra6+ Kg5 42. b6 a2 43. Rxa2 Rxb6 44. Ra5+ Kg6 45. g4 h6 46. Kg3 Rb3+ 47. f3 Rb4 48. Ra6+ Kg7 49. Re6 Ra4 50. Re4 Ra3 51. Kf4 Kf6 52. Rd4 Ra6 53. Rd5 Ra4+ 54. Kg3 Rb4 55. Rd6+ Kg7 56. Rd7+ Kf6 57. f4 Rb3+ 58. Kh4 Rb1 59. f5 Rh1+ 60. Kg3 h5 61. Rd6+ Ke7 62. Re6+ Kf7 63. g5 Rg1+ 64. Kf4 Rg4+ 65. Ke5 Rxg5 66. Ra6 Rg1 67. Ra7+ Ke8 68. Ke6 Re1+ 69. Kf6 h4 70. Ra8+ Kd7 71. Rh8 Rh1 72. Kf7 h3 73. f6 h2 1/2-1/2

[Event "XXIX Cracovia 2018"]
[Site "Krakow"]
[Date "2018.12.31"]
[Round "6"]
[White "Siprashvili, Ivane"]
[Black "Warchol, Bartosz"]
[Result "1-0"]
[ECO "A07"]
[WhiteElo "2074"]
[BlackElo "1975"]
[Annotator "NA"]
[PlyCount "86"]
[EventDate "2018.12.27"]
[EventType "swiss"]
[EventCountry "POL"]
[SourceTitle "playchess.com"]
[Source "ChessBase"]
[SourceQuality "1"]
[TimeControl "40/5400+30:1800+30"]

1. Nf3 d5 2. g3 c6 3. Bg2 Nf6 4. O-O Bg4 5. d3 Nbd7 6. Nbd2 e5 7. h3 Bh5 8. e4 dxe4 9. dxe4 Bc5 10. Qe2 {[%emt 0:00:34] A07: Réti Opening: New York and Capablanca Systems} (10. Qe1 O-O 11. Nh4 Re8 12. Nb3 Bf8 13. Be3 Qc7 14. a4 a5 15. f3 b5 16. Qf2 b4 17. Nd2 c5 18. b3 Nb6 {1-0 (49) Efimenko,Z (2635)-Timman,J (2541) Germany 2018}) 10... O-O 11. b3 Qe7 $146 ({Predecessor:} 11... Re8 12. Bb2 Qc7 13. a4 Nf8 14. Nc4 N6d7 15. Rad1 f6 16. Ne3 Kh8 17. Nf5 Ne6 {1-0 (52) Turner,M (2516)-Tate,A (2331) Glasgow 2016}) 12. a4 a5 13. Bb2 Rfe8 14. Rfe1 Bb4 15. Red1 Bxd2 16. Rxd2 Bxf3 17. Bxf3 Nf8 18. Ba3 c5 19. Rad1 Ne6 20. c3 Rad8 21. h4 b6 22. Bc1 Rxd2 23. Bxd2 Rd8 24. Be3 Rxd1+ 25. Qxd1 Qd7 26. Qxd7 Nxd7 27. Be2 Kf8 28. Bc4 Ke7 29. Kf1 Nf6 $14 30. f3 Ne8 31. Ke1 Nd6 32. Be2 Kd7 33. Kd1 f6 34. Bf1 Kc6 35. Kc2 c4 36. bxc4 Nc5 37. h5 h6 38. Be2 Nxa4 39. Bc1 Nc5 40. g4 Ne6 41. Ba3 Nb7 42. Bd1 Nbc5 43. Kd2 Kd7 1-0

[Event "XXIX Cracovia 2018"]
[Site "Krakow"]
[Date "2018.12.31"]
[Round "6"]
[White "Patsia, Zviad"]
[Black "Kumor, Lukasz"]
[Result "1-0"]
[ECO "A22"]
[WhiteElo "2058"]
[BlackElo "2040"]
[Annotator "NA"]
[PlyCount "149"]
[EventDate "2018.12.27"]
[EventType "swiss"]
[EventCountry "POL"]
[SourceTitle "playchess.com"]
[Source "ChessBase"]
[SourceQuality "1"]
[TimeControl "40/5400+30:1800+30"]

1. c4 e5 2. Nc3 Nf6 3. g3 Nc6 4. Bg2 Bc5 5. e3 O-O 6. Nge2 d6 7. O-O Bf5 8. d4 exd4 9. Nxd4 Bd7 10. Nb3 Bb6 11. Nd5 Nxd5 12. cxd5 Ne5 $11 13. a4 a5 14. h3 Re8 15. Kh2 Qf6 16. e4 Qg6 17. Bf4 f5 18. Bxe5 Rxe5 19. Nd2 Bc5 20. exf5 Qxf5 21. Nf3 Re7 22. h4 Rae8 23. Nd4 Qf6 24. Ne6 Bxe6 25. dxe6 c6 26. Bh3 Qxb2 27. Rb1 Qe5 28. f4 Qf6 29. f5 Qd4 30. Qxd4 Bxd4 31. g4 Be5+ 32. Kg2 h6 33. g5 Rf8 34. gxh6 gxh6 35. Rg1 Kh7 36. Kf3 Rg8 37. h5 Bf6 38. Rg6 Rxg6 39. fxg6+ Kg7 40. Ke4 d5+ 41. Kf5 Bc3 42. Rb3 Bd4 43. Rb1 Kf8 44. Bf1 Rc7 45. Bh3 Bg7 46. Kf4 Ke7 47. Ke3 Kd6 48. Kd3 Re7 49. Bg4 Kc5 50. Bh3 b5 51. axb5 cxb5 52. Rc1+ Kb4 53. Rc6 a4 54. Bg2 a3 55. Bxd5 Ra7 56. Ba2 Be5 57. Rc8 Ka4 58. Ke4 Bf6 59. Rf8 Bg7 60. Rd8 Bf6 61. Rd7 Ra8 62. e7 b4 63. Rd8 Rxd8 64. exd8=Q Bxd8 65. g7 b3 66. Bxb3+ Kxb3 67. g8=Q+ Kb2 68. Qxd8 a2 69. Qd4+ Kb1 70. Kf5 a1=Q 71. Qxa1+ Kxa1 72. Kg6 Kb2 73. Kxh6 Kc3 74. Kg6 Kd4 75. h6 1-0

[Event "XXIX Cracovia 2018"]
[Site "Krakow"]
[Date "2018.12.31"]
[Round "6"]
[White "Nikitin, Aleksander I"]
[Black "Budnik, Mateusz"]
[Result "0-1"]
[ECO "A05"]
[WhiteElo "2031"]
[BlackElo "2053"]
[Annotator "NA"]
[PlyCount "124"]
[EventDate "2018.12.27"]
[EventType "swiss"]
[EventCountry "POL"]
[SourceTitle "playchess.com"]
[Source "ChessBase"]
[SourceQuality "1"]
[TimeControl "40/5400+30:1800+30"]

1. Nf3 Nf6 2. g3 g6 3. Bg2 Bg7 4. O-O O-O 5. d3 d5 6. Nbd2 c6 7. e4 e6 8. Re1 b6 9. e5 Nfd7 10. d4 c5 11. c3 Nc6 12. a3 c4 13. Nf1 b5 14. h4 $16 a5 15. Bg5 Qb6 16. Qd2 Rb8 17. N1h2 f6 18. exf6 Nxf6 19. Bxf6 Rxf6 20. Ng5 Nd8 21. h5 gxh5 22. Bf3 h6 23. Nh3 h4 24. Nf4 hxg3 25. fxg3 Nf7 26. Nh5 Rg6 27. Qc2 Rg5 28. Kh1 Bd7 29. g4 Qd6 30. Qd2 e5 31. Nxg7 Kxg7 32. dxe5 Nxe5 33. Qd4 Qf6 34. Rf1 Nxf3 35. Qxf6+ Kxf6 36. Nxf3 Rg7 37. Rae1 Kg6 38. Ne5+ Kh7 39. Nxd7 Rxd7 40. Re6 Rg8 41. Rb6 Rxg4 42. Rf2 d4 43. cxd4 Rg5 44. Rf4 Rdg7 45. Rf2 Re7 46. a4 b4 47. Rc6 Re1+ 48. Kh2 Re4 49. Rc7+ Kg6 50. Rc6+ Kh5 51. Kh1 Rxd4 52. Rh2+ Kg4 53. Rcxh6 Rd1+ 54. Kg2 c3 55. bxc3 b3 56. R6h4+ Kf5+ 57. Kf3 Rd3+ 58. Ke2 Rxc3 59. Kd1 Rg1+ 60. Kd2 Rc2+ 61. Kd3 Rg3+ 62. Kd4 b2 0-1

[Event "XXIX Cracovia 2018"]
[Site "Krakow"]
[Date "2018.12.31"]
[Round "6"]
[White "Smal, Tobiasz"]
[Black "Kvaratskhelia, Dimitri"]
[Result "1/2-1/2"]
[ECO "E00"]
[WhiteElo "1958"]
[BlackElo "1996"]
[Annotator "NA"]
[PlyCount "88"]
[EventDate "2018.12.27"]
[EventType "swiss"]
[EventCountry "POL"]
[SourceTitle "playchess.com"]
[Source "ChessBase"]
[SourceQuality "1"]
[TimeControl "40/5400+30:1800+30"]

1. d4 Nf6 2. c4 e6 3. Nc3 c5 4. Nf3 cxd4 5. Nxd4 a6 6. e4 d6 7. Be3 Be7 8. Be2 O-O 9. O-O Nc6 10. Rc1 Bd7 11. Qd2 Rc8 12. f3 Nxd4 13. Bxd4 Bc6 14. Rfd1 Nd7 15. b4 b6 16. Bf1 f5 17. exf5 Rxf5 18. Re1 Nf8 $16 19. Bd3 Rh5 20. Ne2 Bg5 21. Be3 Bxe3+ 22. Qxe3 Qh4 23. Qf4 Qxf4 24. Nxf4 Rh6 25. Be4 g5 26. Bxc6 Rxc6 27. Nd3 Rh4 28. Re4 Rxe4 29. fxe4 Kf7 30. Kf2 Ke7 31. Ke3 Nd7 32. Kd4 e5+ 33. Ke3 Ke6 34. Nb2 b5 35. a4 Nb6 36. axb5 axb5 37. Kd3 bxc4+ 38. Nxc4 d5 39. exd5+ Nxd5 40. b5 Rc5 41. Rb1 Nf4+ 42. Kc3 Nd5+ 43. Kd3 Nf4+ 44. Kc3 Nd5+ 1/2-1/2

[Event "XXIX Cracovia 2018"]
[Site "Krakow"]
[Date "2018.12.31"]
[Round "6"]
[White "Rysaev, Danial"]
[Black "Jankowiak, Tomasz"]
[Result "0-1"]
[ECO "D48"]
[WhiteElo "1945"]
[BlackElo "2070"]
[Annotator "NA"]
[PlyCount "56"]
[EventDate "2018.12.27"]
[EventType "swiss"]
[EventCountry "POL"]
[SourceTitle "playchess.com"]
[Source "ChessBase"]
[SourceQuality "1"]
[TimeControl "40/5400+30:1800+30"]

1. d4 d5 2. c4 c6 3. Nf3 Nf6 4. e3 e6 5. Nc3 Nbd7 6. Bd3 dxc4 7. Bxc4 b5 8. Bd3 a6 9. e4 Bb7 10. e5 Nd5 11. Nxd5 cxd5 12. O-O Be7 13. g3 O-O 14. Re1 b4 15. h4 a5 16. Kg2 Ba6 17. Bb1 Rc8 18. Ng5 g6 19. Nxh7 Rxc1 20. Qxc1 Kxh7 21. h5 Kg7 22. hxg6 fxg6 23. Qc6 Qb6 24. Qxd7 Qxd4 25. Qxe7+ Rf7 26. Qg5 Qxf2+ 27. Kh3 Bf1+ 28. Kg4 Qf3+ 0-1

[Event "XXIX Cracovia 2018"]
[Site "Krakow"]
[Date "2019.01.02"]
[Round "7"]
[White "Janik, Igor"]
[Black "Biriukov, Nikolai"]
[Result "1/2-1/2"]
[ECO "C50"]
[WhiteElo "2476"]
[BlackElo "2365"]
[Annotator "RC"]
[PlyCount "117"]
[EventDate "2018.12.27"]
[EventType "swiss"]
[EventCountry "POL"]
[SourceTitle "playchess.com"]
[Source "ChessBase"]
[SourceQuality "1"]
[TimeControl "40/5400+30:1800+30"]

1. e4 e5 2. Nf3 Nc6 3. Bc4 Bc5 4. O-O Nf6 5. d3 O-O 6. Re1 d6 7. c3 a6 8. Bb3 Ba7 9. Nbd2 Ne7 10. Nf1 Ng6 11. Ng3 Be6 12. Be3 Qd7 13. Bxa7 Rxa7 14. d4 Bxb3 15. Qxb3 Qb5 16. Qc2 Re8 17. c4 Qd7 18. d5 b6 19. Nd2 Nf4 20. a3 a5 21. b3 h5 22. f3 Nh7 23. Ne2 Nxe2+ 24. Rxe2 Nf8 25. Nb1 Ng6 26. Nc3 Rea8 27. Nb5 Ra6 28. Rd2 Ne7 29. Rf1 Rf8 30. Kf2 f5 31. Ke1 Raa8 32. Re2 Rf6 33. Kd1 Raf8 34. Rfe1 Ng6 35. Kc1 Nh4 36. Kb2 Rg6 37. exf5 Rxf5 38. Rd2 Rgf6 39. Re4 Ng6 40. b4 axb4 41. axb4 Nf4 42. Qa4 Kh7 43. Qa8 Rf7 44. Qc6 Qe7 45. Nd4 R5f6 46. g3 Qd8 47. gxf4 exd4 48. Re8 Qd7 49. Qxd7 Rxd7 50. Rxd4 Rdf7 51. Ree4 Rg6 52. Kc2 h4 53. Kd2 Rg2+ 54. Re2 h3 55. Ke3 Rg1 56. f5 Rxf5 57. Rh4+ Kg8 58. Rxh3 Rc1 59. Rh4 1/2-1/2

[Event "XXIX Cracovia 2018"]
[Site "Krakow"]
[Date "2019.01.02"]
[Round "7"]
[White "Molenda, Marcin"]
[Black "Jaroch, Karol"]
[Result "1-0"]
[ECO "E08"]
[WhiteElo "2383"]
[BlackElo "2259"]
[Annotator "NA"]
[PlyCount "59"]
[EventDate "2018.12.27"]
[EventType "swiss"]
[EventCountry "POL"]
[SourceTitle "playchess.com"]
[Source "ChessBase"]
[SourceQuality "1"]
[TimeControl "40/5400+30:1800+30"]

1. d4 e6 2. c4 Nf6 3. g3 d5 4. Nf3 Be7 5. Bg2 O-O 6. O-O Nbd7 7. Qc2 c5 8. Rd1 dxc4 9. Nbd2 Nd5 10. Nxc4 b5 11. Nce5 Bb7 12. Nxd7 Qxd7 13. dxc5 Qc7 14. Ng5 g6 15. Ne4 Rfc8 16. Bh6 f5 17. Rxd5 Bxd5 18. Qc3 Kf7 19. Ng5+ Bxg5 20. Qg7+ Ke8 21. Qf8+ Kd7 22. Qf7+ Be7 23. Bxd5 exd5 24. Qxd5+ Ke8 25. Qg8+ Bf8 26. Qxf8+ Kd7 27. Rd1+ Kc6 28. Qf6+ Kb7 29. Bf4 Rd8 30. c6+ 1-0

[Event "XXIX Cracovia 2018"]
[Site "Krakow"]
[Date "2019.01.02"]
[Round "7"]
[White "Goumas, Georgios"]
[Black "Dzierzak, Radoslaw"]
[Result "1/2-1/2"]
[ECO "B12"]
[WhiteElo "2378"]
[BlackElo "2283"]
[Annotator "NA"]
[PlyCount "46"]
[EventDate "2018.12.27"]
[EventType "swiss"]
[EventCountry "POL"]
[SourceTitle "playchess.com"]
[Source "ChessBase"]
[SourceQuality "1"]
[TimeControl "40/5400+30:1800+30"]

1. e4 c6 2. d4 d5 3. e5 c5 4. dxc5 e6 5. a3 Bxc5 6. Nf3 Nc6 7. b4 Bb6 8. Bb2 Nge7 9. Bd3 Ng6 10. O-O O-O 11. Re1 f6 12. exf6 gxf6 13. c4 Nf4 14. cxd5 Qxd5 15. Be4 Qxd1 16. Rxd1 e5 17. Nc3 Be6 18. Na4 Rfd8 19. Nxb6 axb6 20. g3 Bd5 21. Nd2 Bxe4 22. Nxe4 Nd3 23. Bc3 f5 1/2-1/2

[Event "XXIX Cracovia 2018"]
[Site "Krakow"]
[Date "2019.01.02"]
[Round "7"]
[White "Mosesov, Danylo"]
[Black "Roshka, Yevgeniy"]
[Result "1-0"]
[ECO "B06"]
[WhiteElo "2343"]
[BlackElo "2293"]
[Annotator "NA"]
[PlyCount "105"]
[EventDate "2018.12.27"]
[EventType "swiss"]
[EventCountry "POL"]
[SourceTitle "playchess.com"]
[Source "ChessBase"]
[SourceQuality "1"]
[TimeControl "40/5400+30:1800+30"]

1. e4 g6 2. d4 Bg7 3. Nc3 d6 4. Be3 Nf6 5. f3 c6 6. Qd2 b5 7. O-O-O O-O 8. g4 Qa5 9. Kb1 b4 10. Nce2 Nbd7 11. g5 Ne8 12. Nc1 Nc7 13. h4 Ba6 14. h5 Bxf1 15. Rxf1 Rfd8 16. hxg6 hxg6 17. f4 d5 18. f5 dxe4 19. fxg6 fxg6 20. Qh2 Nf8 21. Bf4 Rxd4 22. Bxc7 Qxg5 23. Nge2 Rd5 24. Nb3 c5 25. Bf4 Qf6 26. Bc1 Rf5 27. Rxf5 gxf5 28. Nxc5 Rc8 29. Nb3 Ng6 30. Rf1 Nh4 31. Nf4 Nf3 32. Qh3 Qf7 33. Rh1 Rc6 34. Nh5 Be5 35. Bf4 Bxf4 36. Nxf4 Kf8 37. Nd4 Nxd4 38. Qh8+ Qg8 39. Qxd4 Rd6 40. Qe5 Qh7 41. Rg1 Ke8 42. b3 a6 43. Rg7 Qh4 44. Rg8+ Kd7 45. Qxf5+ Kc7 46. Qc5+ Kb7 47. Qxb4+ Rb6 48. Qxe4+ Rc6 49. Rg6 Qxf4 50. Qxc6+ Ka7 51. Qd7+ Kb8 52. Rg8+ Qf8 53. Rxf8# 1-0

[Event "XXIX Cracovia 2018"]
[Site "Krakow"]
[Date "2019.01.02"]
[Round "7"]
[White "Paszewski, Mateusz"]
[Black "Marszalek, Maciej"]
[Result "1/2-1/2"]
[ECO "C54"]
[WhiteElo "2342"]
[BlackElo "2280"]
[Annotator "NA"]
[PlyCount "120"]
[EventDate "2018.12.27"]
[EventType "swiss"]
[EventCountry "POL"]
[SourceTitle "playchess.com"]
[Source "ChessBase"]
[SourceQuality "1"]
[TimeControl "40/5400+30:1800+30"]

1. e4 e5 2. Nf3 Nc6 3. Bc4 Bc5 4. c3 Nf6 5. d4 exd4 6. e5 d5 7. Bb5 Ne4 8. cxd4 Bb6 9. Nc3 O-O 10. Be3 f5 11. exf6 Nxc3 12. bxc3 Qxf6 13. O-O Bg4 14. Be2 Bxf3 15. Bxf3 Ne7 16. Qd2 Qg6 17. Bf4 c6 18. Rae1 Rae8 19. Bd1 Nf5 20. Bc2 Qf7 21. Qd3 g6 22. Be5 Bc7 23. f4 Qd7 24. Qh3 Bxe5 25. fxe5 Qe6 26. Bxf5 Rxf5 27. Rxf5 gxf5 28. Rf1 Rf8 29. Rf4 c5 30. Qf3 cxd4 31. cxd4 Rf7 32. h3 b5 33. Qc3 Qh6 34. Qe3 Qb6 35. e6 Re7 36. Rxf5 Rxe6 37. Qg3+ Rg6 38. Qe5 Qd8 39. Qxd5+ Qxd5 40. Rxd5 Ra6 41. Rxb5 Rxa2 42. Rb7 Rd2 43. Rxa7 Rxd4 44. Kf2 Rb4 45. Re7 Ra4 46. Kg3 Rb4 47. h4 Ra4 48. Rb7 Rc4 49. Ra7 Rb4 50. Re7 Ra4 51. h5 Rb4 52. Kf3 Ra4 53. g4 h6 54. Re4 Ra7 55. Re6 Kg7 56. Kf4 Rb7 57. Rg6+ Kh7 58. Rd6 Kg7 59. Ke5 Re7+ 60. Re6 Kf7 1/2-1/2

[Event "XXIX Cracovia 2018"]
[Site "Krakow"]
[Date "2019.01.02"]
[Round "7"]
[White "Zylka, Stanislaw"]
[Black "Lis, Mateusz"]
[Result "1-0"]
[ECO "B48"]
[WhiteElo "2305"]
[BlackElo "2123"]
[Annotator "NA"]
[PlyCount "100"]
[EventDate "2018.12.27"]
[EventType "swiss"]
[EventCountry "POL"]
[SourceTitle "playchess.com"]
[Source "ChessBase"]
[SourceQuality "1"]
[TimeControl "40/5400+30:1800+30"]

1. e4 c5 2. Nf3 e6 3. d4 cxd4 4. Nxd4 Nc6 5. Nc3 Qc7 6. Be3 a6 7. Qf3 Nf6 8. O-O-O Bb4 9. Nxc6 dxc6 10. Bd4 e5 11. Qg3 Bd6 12. Qxg7 Rg8 13. Qxf6 exd4 14. Qxd4 Be5 15. Qd3 Bd7 16. g3 O-O-O 17. Qe3 f5 18. Na4 Kb8 19. Nc5 Bc8 20. Bc4 Rge8 21. f4 Bd6 22. e5 Qa5 23. Nxa6+ Ka8 24. Rxd6 Rxd6 25. Nc7+ Qxc7 26. Qa3+ Kb8 27. Qxd6 Qxd6 28. exd6 b5 29. Bd3 Rd8 30. Re1 Rxd6 31. Re8 Kc7 32. Re7+ Rd7 33. Re5 Rf7 34. Kd2 Kd6 35. Ke3 Rf6 36. Kf2 Bd7 37. c4 bxc4 38. Bxc4 c5 39. Bd3 Be6 40. a4 Rf8 41. Bb5 Rb8 42. Ke3 Rb7 43. Kd3 h5 44. Kc3 h4 45. b4 cxb4+ 46. Kxb4 Rc7 47. a5 Rc1 48. a6 hxg3 49. hxg3 Bd5 50. Rxd5+ Kxd5 1-0

[Event "XXIX Cracovia 2018"]
[Site "Krakow"]
[Date "2019.01.02"]
[Round "7"]
[White "Miroshnichenko, Pavel"]
[Black "Lewtak, Damian"]
[Result "1/2-1/2"]
[ECO "A05"]
[WhiteElo "2275"]
[BlackElo "2393"]
[Annotator "NA"]
[PlyCount "43"]
[EventDate "2018.12.27"]
[EventType "swiss"]
[EventCountry "POL"]
[SourceTitle "playchess.com"]
[Source "ChessBase"]
[SourceQuality "1"]
[TimeControl "40/5400+30:1800+30"]

1. Nf3 Nf6 2. c4 e6 3. Nc3 d5 4. e3 Be7 5. b3 b6 6. Bb2 O-O 7. Qc2 Bb7 8. Be2 c5 9. cxd5 Nxd5 10. Nxd5 Qxd5 11. h4 Rd8 12. Ng5 Qf5 13. Qxf5 exf5 14. Bf3 Nc6 15. g3 Rac8 16. Bc3 Ba6 17. Be2 Bb7 18. O-O Bf6 19. Rfd1 Bxc3 20. dxc3 Rxd1+ 21. Rxd1 Rd8 22. Rxd8+ 1/2-1/2

[Event "XXIX Cracovia 2018"]
[Site "Krakow"]
[Date "2019.01.02"]
[Round "7"]
[White "Piotrowski, Przemyslaw"]
[Black "Lewicki, Miroslaw"]
[Result "0-1"]
[ECO "A46"]
[WhiteElo "2269"]
[BlackElo "2347"]
[Annotator "NA"]
[PlyCount "56"]
[EventDate "2018.12.27"]
[EventType "swiss"]
[EventCountry "POL"]
[SourceTitle "playchess.com"]
[Source "ChessBase"]
[SourceQuality "1"]
[TimeControl "40/5400+30:1800+30"]

1. d4 Nf6 2. Nf3 e6 3. g3 b6 4. Bg2 Bb7 5. O-O Be7 6. c4 d5 7. cxd5 exd5 8. Nc3 O-O 9. Bf4 Nbd7 10. Rc1 c5 11. dxc5 Nxc5 12. Nd4 Qd7 13. b4 Ne6 14. Nxe6 Qxe6 15. Nb5 Rac8 16. Nd4 Qd7 17. Qb3 b5 18. Nf3 Bd6 19. Ne5 Qe7 20. Nd3 Bxf4 21. Nxf4 Rc4 22. a3 g5 23. Nd3 Qxe2 24. Rce1 Qd2 25. Nc5 Bc8 26. Re5 h6 27. Rd1 Rc1 28. Rf1 Ng4 0-1

[Event "XXIX Cracovia 2018"]
[Site "Krakow"]
[Date "2019.01.02"]
[Round "7"]
[White "Chylewski, Patryk"]
[Black "Szpar, Milosz"]
[Result "1-0"]
[ECO "E46"]
[WhiteElo "2268"]
[BlackElo "2339"]
[Annotator "NA"]
[PlyCount "103"]
[EventDate "2018.12.27"]
[EventType "swiss"]
[EventCountry "POL"]
[SourceTitle "playchess.com"]
[Source "ChessBase"]
[SourceQuality "1"]
[TimeControl "40/5400+30:1800+30"]

1. d4 Nf6 2. c4 e6 3. Nc3 Bb4 4. e3 O-O 5. Bd2 d5 6. Nf3 b6 7. cxd5 exd5 8. Rc1 c5 9. a3 Bxc3 10. Bxc3 c4 11. Be2 Nc6 12. Ne5 Bb7 13. O-O Re8 14. Bf3 b5 15. b4 Qd6 16. Qd2 Ne7 17. Ng4 Ne4 18. Qc2 h5 19. Ne5 g6 20. Be2 a5 21. Rb1 f6 22. Nf3 Nc6 23. Rb2 axb4 24. Bxb4 Nxb4 25. axb4 Ra3 26. Nd2 f5 27. Nb1 Ra4 28. f3 Nf6 29. Qd2 Bc6 30. Bd1 Ra7 31. Bc2 Rae7 32. Re1 Re6 33. Nc3 Kf7 34. Nd1 f4 35. Bb1 fxe3 36. Rxe3 Rxe3 37. Nxe3 Qf4 38. Nxc4 Re1+ 39. Qxe1 dxc4 40. Qd2 Qxd2 41. Rxd2 Nd5 42. Rb2 Nc3 43. Be4 Bxe4 44. fxe4 Ke6 45. e5 Kd5 46. Kf1 Ne4 47. Re2 Ng5 48. e6 Nxe6 49. Re5+ Kd6 50. Rxb5 c3 51. Rb6+ Kd5 52. Rxe6 1-0

[Event "XXIX Cracovia 2018"]
[Site "Krakow"]
[Date "2019.01.02"]
[Round "7"]
[White "Gombocz, Ferenc Jr."]
[Black "Heinzel, Olaf"]
[Result "1/2-1/2"]
[ECO "A30"]
[WhiteElo "2263"]
[BlackElo "2326"]
[Annotator "NA"]
[PlyCount "97"]
[EventDate "2018.12.27"]
[EventType "swiss"]
[EventCountry "POL"]
[SourceTitle "playchess.com"]
[Source "ChessBase"]
[SourceQuality "1"]
[TimeControl "40/5400+30:1800+30"]

1. c4 c5 2. g3 Nf6 3. Bg2 d5 4. cxd5 Nxd5 5. Nf3 Nc6 6. d4 cxd4 7. Nxd4 Ndb4 8. Nxc6 Qxd1+ 9. Kxd1 Nxc6 10. Bxc6+ bxc6 11. Nc3 g6 12. Be3 Bg7 13. Kd2 Be6 14. Rhc1 O-O-O+ 15. Ke1 Bd4 16. Bxd4 Rxd4 17. b3 Kb7 18. Na4 Kc7 19. Rc3 Rhd8 20. Rac1 Bd7 21. Nc5 Be8 22. a4 Kb6 23. Nd3 f6 24. b4 R8d6 25. a5+ Kb5 26. Rc5+ Ka6 27. b5+ cxb5 28. Rc8 Bd7 29. Nc5+ Kxa5 30. Nb7+ Ka6 31. Nxd6 Bxc8 32. Nxc8 Rd7 33. Ra1+ Kb7 34. Nxa7 Kb6 35. Nxb5 Kxb5 36. Rc1 Kb6 37. Rc8 Rc7 38. Rf8 f5 39. Kd2 Kc6 40. Ke3 e5 41. f4 Kd6 42. Re8 e4 43. h3 Ra7 44. Kf2 Rf7 45. Re5 Rf8 46. Ra5 Rf7 47. Re5 Rf8 48. Ra5 Rf7 49. Re5 {Kxe5} 1/2-1/2

[Event "XXIX Cracovia 2018"]
[Site "Krakow"]
[Date "2019.01.02"]
[Round "7"]
[White "Kusnetsov, Sergey"]
[Black "Naboka, Sergey"]
[Result "0-1"]
[ECO "A10"]
[WhiteElo "2257"]
[BlackElo "2324"]
[Annotator "NA"]
[PlyCount "78"]
[EventDate "2018.12.27"]
[EventType "swiss"]
[EventCountry "POL"]
[SourceTitle "playchess.com"]
[Source "ChessBase"]
[SourceQuality "1"]
[TimeControl "40/5400+30:1800+30"]

1. c4 f5 2. g3 Nf6 3. Bg2 d6 4. Nc3 g6 5. d3 Bg7 6. e4 c6 7. Nge2 O-O 8. O-O a5 9. Bg5 Na6 10. Qd2 Nc5 11. Rad1 a4 12. Bh6 Bxh6 13. Qxh6 Qb6 14. Qc1 fxe4 15. Nxe4 Nfxe4 16. dxe4 Bg4 17. Rd2 Nd3 18. Qc3 Rxf2 19. c5 Qxc5 20. Qxc5 Rxf1+ 21. Bxf1 Nxc5 22. Nc3 b5 23. Rd4 Ne6 24. Rb4 Nc7 25. e5 Be6 26. exd6 exd6 27. Re4 a3 28. b3 d5 29. Rh4 Bf5 30. g4 Bc2 31. g5 Ne6 32. Rg4 d4 33. Ne4 Bxb3 34. Rg2 Bd5 35. Nf6+ Kg7 36. Nxd5 cxd5 37. Re2 Nxg5 38. Re7+ Kf6 39. Rb7 Ne4 0-1